 Dungeon Crawl Stone Soup version 0.15.1-1-gfacfea3 (webtiles) character file.

58 Kashira the Charmwright (level 3, -6/16 HPs)
             Began as a Felid Skald on Sept 24, 2014.
             Killed from afar by an orc wizard (10 damage)
             ... with a puff of flame
             ... on Level 4 of the Dungeon.
             The game lasted 00:05:44 (1937 turns).

Kashira the Charmwright (Felid Skald)               Turns: 1937, Time: 00:05:44

HP  -6/16        AC  1     Str  8      XL: 3   Next: 76%
MP   7/8         EV 18     Int 11 (14) God:
Gold 102         SH  0     Dex 15      Spells:  2 memorised,  3 levels left
Lives: 0, deaths: 0

rFire  . . .     SeeInvis +       - Unarmed
rCold  . . .     Clarity  .     (armour unavailable)
rNeg   . . .     rCorr    .     (shield unavailable)
rPois  .         rRot     .     (helmet unavailable)
rElec  .         Spirit   .     (cloak unavailable)
SustAb .         Warding  .     (gloves unavailable)
rMut   .         Stasis   .     (boots unavailable)
Gourm  .                        (no amulet)
MR     .....                    (no ring)
                                (no ring)

@: quick, not resistant to hostile enchantments, unstealthy
A: paw claws, no armour, no weapons or thrown items, fangs 3, see invisible,
carnivore 3, speed 1, shaggy fur 1, slow metabolism 1, jump 1
a: Jump Attack


You were on level 4 of the Dungeon.
You were very full.

You visited 1 branch of the dungeon, and saw 3 of its levels.

You collected 102 gold pieces.

Inventory:

Comestibles
 d - a meat ration
Potions
 e - 2 potions of might
 f - 2 potions of curing
Books
 c - a book of Battle

   Spells                             Type                      Level
   *Infusion                          Charms                       1
   *Shroud of Golubria                Charms/Translocation         2
   Song of Slaying                    Charms                       2
   Spectral Weapon                    Hexes/Charms                 3
   Regeneration                       Charms/Necromancy            3


   Skills:
 + Level 2.2 Fighting
 + Level 3.1 Dodging
 + Level 0.4 Stealth
 + Level 2.5 Unarmed Combat
 - Level 2.0 Spellcasting
 + Level 4.6 Charms


You had 3 spell levels left.
You knew the following spells:

 Your Spells              Type           Power        Failure   Level  Hunger
a - Infusion              Chrm           ##....       4%          1    ##.....
b - Shroud of Golubria    Chrm/Tloc      #.........   21%         2    ###....


Dungeon Overview and Level Annotations

Branches:
Dungeon (4/15)
 Temple: D:4-7

Altars:
Elyvilon
Okawaru


Innate Abilities, Weirdness & Mutations

You cannot wear armour.
You are incapable of wielding weapons or throwing items.
Your paws have sharp claws.
You have razor-sharp teeth.
You have supernaturally acute eyesight.
You are carnivorous and can eat meat at any time.
You cover ground quickly.
You are covered in fur (AC +1).
You have a slow metabolism.
You can jump attack at a short distance.


Message History

The orc priest hits you from afar with a trident.
Found a scroll of identify.
Your shroud begins to fray at the edges.
The orc wizard mumbles some strange words.
The orc wizard flickers and vanishes for a moment.
The orc wizard mumbles some strange words.
The orc wizard blinks!
The orc priest utters an invocation to Beogh.
You feel a wave of unholy energy pass over you.
You see here 19 gold pieces.
Found a glowing spear.
Your shroud unravels.
Found a murky brown potion.
A phantom comes into view.
You closely miss the phantom. The phantom hits you.
* * * LOW HITPOINT WARNING * * *
The orc wizard gestures at you while chanting.
The puff of flame hits you!
Ouch! That really hurt!
You die...

.## ##).. # ....
....... .(.
..###.#...# !... ##
###.#...#...# .....#.
#..........#
.....!..##..........#
........@...........#
................o...#
.......W..o...o....#
.......#.#########.#
.....#.#.# #.#
......#.# ###o#####
.......# #..oo.ยง..
......# #........ .
.... #.!.....)


You could see a phantom, an orc wizard (inner flame) and 2 orcs.

Vanquished Creatures
  Ijyb (D:2)
  A giant gecko (D:1)
  An ooze (D:1)
  3 ball pythons (D:2)
  3 bats
  5 hobgoblins
  2 giant cockroaches (D:1)
  2 giant newts (D:1)
  7 goblins
  8 kobolds
  3 rats
36 creatures vanquished.

Vanquished Creatures (others)
  A quokka (D:2)
1 creature vanquished.

Grand Total: 37 creatures vanquished

Notes
Turn   | Place    | Note
--------------------------------------------------------------
     0 | D:1      | Kashira, the Felid Skald, began the quest for the Orb.
     0 | D:1      | Reached XP level 1. HP: 9/9 MP: 4/4
   388 | D:1      | Reached skill level 4 in Charms
   472 | D:1      | Reached XP level 2. HP: 13/13 MP: 2/5
   476 | D:1      | Learned a level 2 spell: Shroud of Golubria
  1459 | D:2      | Reached XP level 3. HP: 7/16 MP: 1/8
  1634 | D:2      | Found an iron altar of Okawaru.
  1771 | D:2      | Noticed Ijyb
  1783 | D:2      | Killed Ijyb
  1896 | D:2      | Found a white marble altar of Elyvilon.
  1917 | D:2      | You fall through a shaft for 2 floors!
  1934 | D:4      | Noticed a phantom
  1937 | D:4      | Killed from afar by an orc wizard

Action                   || total
-------------------------++-------
Melee: Unarmed           ||    97
 Cast: Infusion          ||    25
       Shroud of Golubri ||     4
 Abil: Jump Attack       ||     2
  Use: Scroll            ||     3
       Potion            ||     1
 Stab: Sleeping          ||     1
  Eat: Chunk             ||    10
